[Event "Fagernes GM Open Autumn 2024"]
[Site "Fagernes"]
[Date "2024.10.09"]
[Round "4.3"]
[White "Urkedal, Frode Olav Olsen"]
[Black "Willow, Jonah B"]
[Result "0-1"]
[ECO "C60"]
[WhiteElo "2559"]
[BlackElo "2420"]
[Annotator "TA"]
[PlyCount "42"]
[EventDate "2024.10.03"]
[EventType "swiss"]
[EventCountry "NOR"]
[SourceTitle "playchess.com"]
[Source "ChessBase"]
[SourceQuality "1"]
[TimeControl "40/6000:2400+30"]

1. e4 e5 2. Nf3 Nc6 3. Bb5 Nge7 4. Nc3 Ng6 5. h4 Nd4 6. Bc4 h5 7. Ng5 d5 (7... Ne6 $14) 8. Bxd5 $2 (8. Nxd5 $16 f6 9. Nf3) 8... Bg4 $1 $15 9. f3 $1 {[%emt 0:01:29] [#]} Nxh4 $1 10. d3 $1 Be7 $1 {[%emt 0:04:11] Black is more active.} (10... Nxg2+ $2 11. Kf2 Be6 12. Kxg2 $18) 11. Nxf7 {[%emt 0:05:51] [#]} (11. Bxf7+ $11 {and White is okay.} Kf8 12. O-O Bxg5 13. fxg4 Bxc1 14. Rxc1 Nhf3+ (14... Qg5 $2 15. Bxh5+ Kg8 16. Bf7+ Kh7 17. g3 $19) 15. gxf3 (15. Rxf3 hxg4 16. Rf1 Nf3+ 17. Rxf3 Qd4+ 18. Rf2 g3 $17) 15... Kxf7 16. Ne2) 11... Nhxf3+ $1 $19 12. Kf1 {[%emt 0:16:57] [#]} (12. gxf3 Bh4+) 12... Qc8 (12... Nh2+ $1 $19 13. Rxh2 Rf8) 13. gxf3 $2 (13. Nxh8 $11 {and White stays safe.} Nh2+ 14. Rxh2 Bxd1 15. Bf7+ (15. Nxd1 $2 {is the wrong capture.} Qg4 $19) 15... Kd7 16. Ng6) 13... Bxf3 14. Qxf3 Nxf3 15. Nxh8 {[%emt 0:00:00] Hoping for Bf7+.} Qg4 {[%emt 0:15:13] Strongly threatening ...Bh4.} 16. Bf7+ {[%emt 0:08:06] [#]} (16. Be3 {only move.} Bh4 17. Nd1) 16... Kd7 $1 {[%emt 0:00:13] ( -> ...Bh4). Black is clearly winning.} 17. Bxh5 (17. Ng6 $142 Bd6 18. Be3) 17... Qg3 $1 18. Be3 Rxh8 19. Bg4+ (19. Bf2 $142 Nh2+ 20. Ke2) 19... Qxg4 20. Rxh8 Bh4 21. Rxh4 Nxh4 {[%emt 0:00:00] Weighted Error Value: White=1.02/Black=0.28 (precise) .  Loses game:     	White=2     	---        Missed win:     	---       	Black=1      Mistake:       	White=3     	Black=1      OK:         	White=4     	---        Best:        	---       	Black=1      Strong:       	White=2     	Black=4      Brilliant:      	---       	Black=2} 0-1

[Event "Fagernes GM Open Autumn 2024"]
[Site "Fagernes"]
[Date "2024.10.09"]
[Round "4.4"]
[White "Stremavicius, Titas"]
[Black "Kvaloy, Aksel Bu"]
[Result "1/2-1/2"]
[ECO "A11"]
[WhiteElo "2541"]
[BlackElo "2484"]
[Annotator "TA"]
[PlyCount "45"]
[EventDate "2024.10.03"]
[EventType "swiss"]
[EventCountry "NOR"]
[SourceTitle "playchess.com"]
[Source "ChessBase"]
[SourceQuality "1"]
[TimeControl "40/6000:2400+30"]

1. Nf3 d5 2. g3 Nf6 3. Bg2 c6 4. c4 Bg4 5. h3 Bh5 ({Günstiger ist} 5... Bxf3 6. Bxf3 d4) 6. d4 e6 7. Nc3 Be7 8. O-O {[%emt 0:00:00] Weiß steht etwas besser.} O-O 9. Qb3 (9. g4 $5 Bg6 $8 10. Ne5 $11) 9... Qb6 10. Ne5 Bg6 11. Nxg6 hxg6 12. Rd1 Qa6 13. cxd5 exd5 14. e4 dxe4 15. d5 cxd5 16. Nxd5 Nxd5 17. Qxd5 (17. Rxd5 {vereinfacht} Qe6 18. Rb5 Qxb3 19. Rxb3 f5 20. Rxb7 Nc6 21. Be3) 17... Nc6 ({Falsch wäre} 17... Rd8 $2 18. Qxd8+ Bxd8 19. Rxd8+ Kh7 20. Be3 $18 (20. Bxe4 Qa5 $17)) 18. Be3 {[%emt 0:00:00][%cal Oa2a4][%mdl 1024] Weiss hat Kompensation.} (18. Bxe4 $2 {zu gefräßig.} Rad8 19. Qb3 Nd4 20. Rxd4 Rxd4 $19) 18... Bf6 19. Qb3 Na5 20. Qb4 {[%emt 0:03:02][%cal Og2f1] [#] Bf1! ist eine echte Drohung.} Nc6 21. Qb3 ({Besser ist} 21. Qxe4 $14 Rad8 22. a4) 21... Na5 $11 22. Qb4 {[%emt 0:00:00][%cal Og2f1] Zielt auf Bf1! ab.} Nc6 23. Qb3 {[%emt 0:00:00] Gewichteter Fehlerwert: Weiß=0.08 (makellos) /Schwarz=0.15 (sehr präzise) .  Fehler:       	Weiß=1     	---        Ungenau:       	---       	Schwarz=3     OK:         	Weiß=7     	Schwarz=6} 1/2-1/2

[Event "Fagernes GM Open Autumn 2024"]
[Site "Fagernes"]
[Date "2024.10.09"]
[Round "4.5"]
[White "Mitusov, Semen"]
[Black "Harish, Neeraj"]
[Result "1-0"]
[ECO "B33"]
[WhiteElo "2486"]
[BlackElo "2024"]
[Annotator "RC"]
[PlyCount "107"]
[EventDate "2024.10.03"]
[EventType "swiss"]
[EventCountry "NOR"]
[SourceTitle "playchess.com"]
[Source "ChessBase"]
[SourceQuality "1"]
[TimeControl "40/6000:2400+30"]

1. e4 c5 2. Nf3 Nc6 3. d4 cxd4 4. Nxd4 Nf6 5. Nc3 e5 6. Ndb5 d6 7. Nd5 Nxd5 8. exd5 Nb8 9. a4 Be7 10. Be2 O-O 11. O-O Nd7 12. Bd2 a6 13. Na3 a5 14. Bb5 f5 15. f4 exf4 16. Bxf4 g5 17. Be3 f4 18. Bd4 Ne5 19. Qd2 Bf6 20. Rae1 Bf5 21. c3 Rc8 22. h3 Qc7 23. Be2 Qf7 24. Bb6 Be4 25. Bg4 Nxg4 26. Rxe4 Nh6 27. Re6 Nf5 28. Qd3 Rce8 29. Rfe1 Be5 30. Rxe8 Rxe8 31. Bf2 Ne7 32. Nc4 Ng6 33. Nxa5 Rf8 34. Nc4 h5 35. Qf3 Qh7 36. a5 Kh8 37. Nxe5 Nxe5 38. Bd4 g4 39. hxg4 hxg4 40. Qxg4 f3 41. Rf1 Rf6 42. Bxe5 dxe5 43. Qc8+ Kg7 44. Qc7+ Rf7 45. Qxe5+ Kf8 46. Rxf3 Rxf3 47. gxf3 Qb1+ 48. Kf2 Qxb2+ 49. Kg3 Qb1 50. d6 Qg1+ 51. Kh3 Qh1+ 52. Kg4 Qg1+ 53. Kf5 Qb1+ 54. Kf6 1-0

[Event "Fagernes GM Open Autumn 2024"]
[Site "Fagernes"]
[Date "2024.10.09"]
[Round "4.6"]
[White "Krishnan, Ritvik"]
[Black "Sasikiran, Krishnan"]
[Result "1/2-1/2"]
[ECO "A38"]
[WhiteElo "2206"]
[BlackElo "2571"]
[Annotator "RC"]
[PlyCount "108"]
[EventDate "2024.10.03"]
[EventType "swiss"]
[EventCountry "NOR"]
[SourceTitle "playchess.com"]
[Source "ChessBase"]
[SourceQuality "1"]
[TimeControl "40/6000:2400+30"]

1. Nf3 Nf6 2. c4 c5 3. Nc3 Nc6 4. g3 g6 5. d4 cxd4 6. Nxd4 Bg7 7. Bg2 h5 8. h3 O-O 9. Nc2 d6 10. O-O Be6 11. Nd5 Rc8 12. b3 Qd7 13. Kh2 Bxd5 14. cxd5 Ne5 15. Nd4 Qc7 16. Bb2 Qa5 17. a3 Rc7 18. f4 Ned7 19. e4 Rfc8 20. Qe2 Qb6 21. Rad1 Nh7 22. Rf3 Qa6 23. Qe1 Qb6 24. Re3 Nhf8 25. e5 dxe5 26. fxe5 e6 27. dxe6 Nxe6 28. Nxe6 Qxe6 29. Rd6 Qe7 30. Rd2 Nf8 31. Rf2 Rc2 32. Bd5 Ne6 33. Bc4 Rxf2+ 34. Qxf2 a6 35. a4 Rd8 36. Re2 Rd7 37. h4 Kh7 38. Qf3 Qc5 39. Qe3 Qxe3 40. Rxe3 Rd2+ 41. Re2 Rd7 42. Rf2 Kg8 43. Kh3 Nd8 44. g4 hxg4+ 45. Kxg4 Re7 46. Re2 Nc6 47. e6 Bxb2 48. exf7+ Kg7 49. Rxb2 Ne5+ 50. Kg5 Nxc4 51. f8=B+ Kxf8 52. bxc4 Kg7 53. a5 Rf7 54. Rb6 Rf5+ 1/2-1/2

[Event "Fagernes GM Open Autumn 2024"]
[Site "Fagernes"]
[Date "2024.10.09"]
[Round "4.7"]
[White "Oksendal, Martin"]
[Black "Amar, Elham"]
[Result "1-0"]
[ECO "B41"]
[WhiteElo "2271"]
[BlackElo "2540"]
[Annotator "TA"]
[PlyCount "82"]
[EventDate "2024.10.03"]
[EventType "swiss"]
[EventCountry "NOR"]
[SourceTitle "playchess.com"]
[Source "ChessBase"]
[SourceQuality "1"]
[TimeControl "40/6000:2400+30"]

1. e4 c5 2. Nf3 e6 3. d4 cxd4 4. Nxd4 a6 5. c4 Nf6 6. Nc3 Qc7 7. a3 b6 8. f4 Bb7 9. Bd3 Nc6 10. Nxc6 {[%emt 0:00:27] White has an edge.} Qxc6 11. Qe2 Bc5 12. Be3 {[%emt 0:13:30] Threatening Bxc5.} d6 13. Nd5 Bxe3 (13... exd5 $2 {perishes.} 14. exd5 Qc7 15. Bxc5+ Kf8 16. Be3 $18) 14. Qxe3 Kf8 15. Nc3 Qc5 16. Qd2 Rc8 17. O-O-O Ke7 (17... d5 $11) 18. Rhe1 {[%emt 0:04:34] e5 would now be deadly.} Rhd8 19. Kb1 Kf8 20. Qe2 e5 21. Rf1 (21. g3 $14 {was preferrable.}) 21... Re8 ({Black should play} 21... exf4 $11 22. Rxf4 Nd7) 22. f5 b5 $1 23. cxb5 axb5 24. Bxb5 Red8 25. Rc1 Nxe4 26. Nxe4 Bxe4+ 27. Bd3 Bxd3+ 28. Qxd3 Qb6 29. Qh3 Rxc1+ 30. Rxc1 $11 {[%emt 0:00:00][%mdl 4096] Endgame. KQR-KQR} h6 31. f6 d5 32. fxg7+ Kg8 33. Qf5 e4 34. Rf1 {[%emt 0:00:47] Some like it hot} Qe6 (34... Qc7 $11) 35. Qxe6 {[%emt 0:00:17] White mates.} fxe6 {[%emt 0:00:00] [#]} 36. Rf8+ $1 Rxf8 37. gxf8=R+ Kxf8 {[%emt 0:00:00] KP-KP} 38. a4 Ke7 39. a5 Kd6 40. a6 e3 41. Kc2 Kc6 {[%emt 0:38:20] Weighted Error Value: White=0.09 (flawless) /Black=0.28 (precise) .  Loses game:     	---       	Black=1      Mistake:       	White=1     	Black=2      Inaccurate:     	White=3     	Black=3      OK:         	White=9     	Black=12     Best:        	White=1     	Black=1      Strong:       	---       	Black=1} 1-0

[Event "Fagernes GM Open Autumn 2024"]
[Site "Fagernes"]
[Date "2024.10.09"]
[Round "4.8"]
[White "Gaikwad, Siddhant"]
[Black "Das, Sayantan"]
[Result "0-1"]
[ECO "D00"]
[WhiteElo "2039"]
[BlackElo "2471"]
[Annotator "TA"]
[PlyCount "42"]
[EventDate "2024.10.03"]
[EventType "swiss"]
[EventCountry "NOR"]
[SourceTitle "playchess.com"]
[Source "ChessBase"]
[SourceQuality "1"]
[TimeControl "40/6000:2400+30"]

1. d4 Nf6 2. Nc3 d5 3. Bf4 e6 4. e3 a6 5. Qf3 c5 6. g4 Nc6 7. Nge2 Qa5 8. Bg2 {[%emt 0:07:23] The position is equal.} Ne4 9. Rd1 (9. O-O-O $11 {keeps the balance.}) 9... g5 $17 {[%emt 0:07:44] Strongly threatening ...h5.} 10. Bg3 h5 $1 {[%emt 0:01:01] Black is more active.} 11. h3 {[%emt 0:07:34] [#]} (11. gxh5 $17 {was called for.} f5 12. h3) 11... Rh6 $1 $19 12. Be5 {[%emt 0:11:28] Against Rf6} Nxe5 13. dxe5 Bg7 14. O-O {[%emt 0:14:44] [#]} hxg4 $1 (14... Bxe5 15. Nxe4 (15. gxh5 $2 Nf6 $19) 15... dxe4 16. Qxe4 $16) 15. Qxg4 (15. hxg4 $142 Nxc3 (15... Bxe5 16. Nxe4 Bh2+ 17. Kh1 $19) 16. bxc3) 15... Rh4 (15... Bxe5 $2 {loses.} 16. Nxe4 Rg6 (16... dxe4 $2 {too greedy.} 17. Qxg5 Bd7 18. Qg8+ Ke7 19. Rxd7+ Kxd7 20. Qxf7+ Kc8 21. Qf8+ Kc7 22. Qxh6 $18) 17. N4g3 $18 (17. Nxg5 Bd7 $18)) 16. Qf3 {[%emt 0:00:00][%cal Rc3e4] aiming for Nxe4.} Bxe5 {[%emt 0:00:33] Threatens to win with ...g4.} 17. Nxd5 exd5 18. Rxd5 {[%emt 0:00:00] Black is clearly winning.} Qc7 ({Not} 18... Bxb2 19. c3 Bxc3 (19... Be6 $2 20. Re5 $19) 20. Rc1 $19) 19. Nf4 Nf6 20. Rfd1 gxf4 21. Rd8+ Qxd8 {[%emt 0:01:14] White got outplayed after the opening.   Weighted Error Value: White=0.74/Black=0.03 (flawless) .  Mistake:       	White=3     	---        Inaccurate:     	White=4     	Black=1      OK:         	White=2     	Black=8      Best:        	---       	Black=3      Strong:       	---       	Black=2} 0-1

[Event "Fagernes GM Open Autumn 2024"]
[Site "Fagernes"]
[Date "2024.10.09"]
[Round "4.9"]
[White "Hillarp Persson, Tiger"]
[Black "Wallace, John Paul"]
[Result "1-0"]
[ECO "D30"]
[WhiteElo "2455"]
[BlackElo "2373"]
[Annotator "TA"]
[PlyCount "121"]
[EventDate "2024.10.03"]
[EventType "swiss"]
[EventCountry "NOR"]
[SourceTitle "playchess.com"]
[Source "ChessBase"]
[SourceQuality "1"]
[TimeControl "40/6000:2400+30"]

1. d4 d5 2. c4 e6 3. Nf3 a6 4. e3 Nf6 5. Nbd2 c5 6. cxd5 exd5 7. b3 Nc6 8. Bb2 {[%emt 0:00:00] Die Stellung ist ausgeglichen.} Bd6 9. dxc5 Bxc5 10. Bd3 O-O 11. O-O Ba7 12. a3 Re8 13. Qc2 d4 14. Ne4 Ng4 (14... Bg4 $11) 15. exd4 (15. Rad1 {vereinfacht} Nge5 16. Nxe5 Nxe5 17. Bxd4 Bxd4 18. Ng3) 15... Bxd4 16. Neg5 (16. Rad1 {vereinfacht} Bxb2 17. Qxb2 Nge5 18. Nxe5 Rxe5 19. Nd6) 16... Bxb2 17. Bxh7+ Kf8 18. Qxb2 Qf6 19. Qxf6 gxf6 20. Ne4 $36 {[%emt 0:00:00][%mdl 2048] [#] Zielt auf Nd6 ab. Schwarz steht unter Druck.} Be6 (20... Nge5 $14) 21. h3 Nge5 {[%emt 0:00:24] Weiss muss nun ...Nxf3+ beachten.} 22. Nxe5 (22. Nxf6 $6 Nxf3+ 23. gxf3 Red8 $11) (22. Nh4 {scheint wilder zu sein.} Bxb3 23. Nf5 Be6 24. Nxf6 Red8 25. Rfe1) 22... fxe5 23. Nc5 Nd4 24. Be4 Nxb3 25. Nxb3 (25. Nxb7 Nxa1 26. Nc5 Rac8 (26... Nb3 27. Nxe6+ fxe6 28. Bxa8 $17) 27. Nxe6+ Rxe6 $14) 25... Bxb3 26. Rab1 Bc4 27. Rfc1 Bb5 28. Bxb7 {[%emt 0:00:00] Weiß steht aktiver.} Ra7 29. Bc6 Re6 30. Bxb5 axb5 $16 {[%emt 0:00:00][%mdl 4096] Endspiel. KRR-KRR} 31. Rc3 (31. Rxb5 Rxa3 32. Re1 e4 $16) 31... Ra5 32. Rd1 Kg7 33. Rd7 Rea6 (33... e4 $16 34. Rb7 Re5) 34. Rf3 $18 Rf6 35. Re3 b4 36. axb4 Ra1+ 37. Kh2 Rxf2 38. Rxe5 Raa2 39. Rg5+ Kf6 40. Rdd5 Rab2 41. b5 Rfe2 $2 {[%emt 0:09:06] [#]} (41... Rf4 {war angesagt.} 42. Rc5 Rfb4 43. Rgf5+ Kg6) 42. Rdf5+ Ke6 43. Rf3 Rf2 $2 (43... Ke7 44. Rg7 Rxb5 45. Rgxf7+ (45. Rfxf7+ Ke6 $18) 45... Ke8) 44. Rxf2 Rxf2 {[%emt 0:00:02] KR-KR} 45. Kg1 Rb2 46. g4 Kf6 47. Rh5 (47. h4 $142 Rb4 48. Kf2) 47... Kg6 $2 (47... Ke7 48. Rd5 f6) 48. Kf1 Rh2 49. Ke1 f5 50. Rxf5 {[%emt 0:00:00] Weiß setzt Matt.} Rxh3 51. Kd2 Rg3 52. Re5 Kf6 53. Re3 Rxg4 54. Kc3 Kf7 55. Re2 Rh4 56. b6 Rh6 57. Rb2 Rh8 58. b7 Rb8 59. Kc4 Ke6 60. Kc5 Kd7 61. Kb6 {[%emt 0:00:00] Gewichteter Fehlerwert: Weiß=0.13 (sehr präzise) /Schwarz=0.44.  Fehler:       	Weiß=1     	Schwarz=6     Ungenau:       	Weiß=1     	Schwarz=5     OK:         	Weiß=22    	Schwarz=10    Bester:       	Weiß=7     	Schwarz=1} 1-0

[Event "Fagernes GM Open Autumn 2024"]
[Site "Fagernes"]
[Date "2024.10.09"]
[Round "4.10"]
[White "Aizenberg, Benny"]
[Black "Carlsson, Ludvig"]
[Result "1-0"]
[ECO "C42"]
[WhiteElo "2423"]
[BlackElo "2334"]
[Annotator "TA"]
[PlyCount "147"]
[EventDate "2024.10.03"]
[EventType "swiss"]
[EventCountry "NOR"]
[SourceTitle "playchess.com"]
[Source "ChessBase"]
[SourceQuality "1"]
[TimeControl "40/6000:2400+30"]

1. e4 e5 2. Nf3 Nf6 3. Nxe5 Nxe4 4. Qe2 Qe7 5. Qxe4 d6 6. d4 dxe5 7. dxe5 Nc6 {[%emt 0:00:00] C42: Petroff Defence: 3 Nxe5 and unusual White 3rd moves.} 8. Nc3 Qxe5 9. Qxe5+ Nxe5 10. Bf4 f6 11. O-O-O Bd7 12. Nb5 Bxb5 13. Bxb5+ c6 14. Ba4 Bc5 15. f3 $146 ({Predecessor:} 15. Rhe1 Rd8 16. Bxe5 Rxd1+ 17. Kxd1 fxe5 18. Rxe5+ Be7 19. c3 Rf8 20. Ke2 Kd7 21. Bc2 {½-½ Buchnicek,P (2352)-Volkmann,F (2416) AUT-chT 1213 2012 (11.6)}) 15... Rd8 16. Rde1 O-O 17. Bxe5 fxe5 18. Bb3+ Kh8 19. Rxe5 Bd6 20. Ree1 g6 21. Bc4 Kg7 22. Bd3 Rfe8 23. g3 Bc5 24. Kd2 a5 25. a4 Bf2 26. Re2 Rxe2+ 27. Kxe2 Bc5 28. Rd1 Kf6 29. Kf1 Rd4 30. Ra1 Bf8 31. Kg2 Bc5 32. b3 Bb4 33. Rf1 Bc3 34. f4 Rd7 35. h4 h6 36. Rf3 Bb4 37. g4 Kg7 38. f5 gxf5 39. Rxf5 Rf7 40. Re5 Re7 41. Rh5 Be1 42. g5 Re6 43. Kf3 b6 44. Kf4 Bd2+ 45. Kf5 Rg6 46. Be4 Bc1 47. Ke5 Bb2+ {[%emt 0:00:00] [#]} 48. Kf4 $1 Rd6 49. Bf5 (49. gxh6+ {simplifies} Rxh6 50. Rxh6 Kxh6 51. Kg3) 49... Bc1+ 50. Ke5 Rd5+ 51. Ke6 Bf4 52. Bd3 ({Much worse is} 52. Rxh6 $6 Re5+ 53. Kd7 Rxf5 $11) 52... hxg5 53. hxg5 Re5+ 54. Kd7 Rxg5 55. Rh7+ Kf8 56. Kxc6 Be3 57. Rb7 Re5 58. Kd6 Bf4 $2 ({Black should try} 58... Re7 $14 59. Rxe7 Bc5+ 60. Kd7 Bxe7) 59. Rxb6 $18 Rb5+ $2 (59... Bg3 60. Kd7 Re7+ 61. Kc6 Re3) 60. Kc6 $18 Rxb6+ $2 (60... Re5 $18 61. Rb5 Re6+ 62. Kb7 Re7+ 63. Kc6 Re6+ 64. Kb7 Re7+ 65. Kb6 Bd2) 61. Kxb6 Bd2 {[%emt 0:00:00] [#]} 62. c4 $1 Ke7 63. c5 Kd8 64. c6 Bf4 65. Kxa5 Kc7 66. Kb5 Bd2 67. Be4 Be1 68. b4 Bd2 69. a5 Be1 70. Ka4 Kb8 71. b5 Bxa5 72. Kxa5 Ka7 73. b6+ Ka8 74. c7# 1-0

[Event "Fagernes GM Open Autumn 2024"]
[Site "Fagernes"]
[Date "2024.10.09"]
[Round "4.11"]
[White "Moksh Amit Doshi"]
[Black "Oye-Stromberg, Alexander"]
[Result "1-0"]
[ECO "A17"]
[WhiteElo "2377"]
[BlackElo "2248"]
[Annotator "TA"]
[PlyCount "59"]
[EventDate "2024.10.03"]
[EventType "swiss"]
[EventCountry "NOR"]
[SourceTitle "playchess.com"]
[Source "ChessBase"]
[SourceQuality "1"]
[TimeControl "40/6000:2400+30"]

1. Nf3 d5 2. e3 Nf6 3. c4 e6 4. Nc3 b6 5. cxd5 exd5 6. g3 Bb7 7. Bg2 Nbd7 8. O-O {[%emt 0:00:00] The position is equal.} Bd6 9. b3 a6 10. Bb2 Qe7 (10... O-O $11 {keeps the balance.}) 11. Rc1 (11. Nh4 $1 $16 ) 11... O-O-O (11... O-O $14) 12. Nd4 $16 g6 {[%emt 0:02:21] Prevents Nf5.} 13. Qc2 Kb8 $2 {[%emt 0:04:04][%mdl 8192] [#]} (13... Rhe8 $16 14. Na4 h6) 14. b4 $2 (14. Nxd5 $1 $18 Nxd5 (14... Bxd5 $2 15. Nc6+ Kb7 16. Nxe7 $18) 15. Nc6+ Bxc6 16. Qxc6) 14... c6 {[%emt 0:13:27] [#]} (14... Bxb4 $14 15. Nxd5 Nxd5 16. Bxd5 Bxd5 17. Qxc7+ Ka8) 15. a3 ({White should try} 15. b5 $1 $18 axb5 16. e4 dxe4 17. Nxe4 Nxe4 18. Nxc6+ (18. Bxe4 Ne5 $16) 18... Bxc6 19. Qxc6) 15... h5 (15... Rc8 $14) 16. e4 {[%emt 0:05:01] White is more active.} c5 $2 (16... Be5 $16 {keeps fighting.}) 17. bxc5 $18 (17. Nxd5 Nxd5 18. bxc5 bxc5 $11) 17... bxc5 18. Nb3 (18. Nxd5 Nxd5 19. Nb3 N5b6 $11) 18... d4 19. Nd5 Nxd5 20. exd5 {[%emt 0:00:00] And now Na5 would win.} h4 21. Na5 Nb6 $2 (21... Ka8 {might work better.} 22. Rb1 Rb8) 22. Qb3 Ka7 23. Rb1 Qc7 24. Rfc1 {[%emt 0:00:00] Strongly threatening Bxd4.} hxg3 $2 (24... h3 {is a better defense.}) 25. hxg3 {[%emt 0:00:00] aiming for Bxd4. White is clearly winning.} ({Less strong is} 25. fxg3 Rh5 (25... Bxd5 $2 26. Bxd5 Rh5 27. Nc6+ Kb7 28. Nxd8+ $18) 26. Nxb7 Kxb7 27. Bxd4 Ka7 $18) 25... Rh5 (25... Ba8 $142 26. Bxd4 Rhe8 27. Bxc5 Bxc5) 26. Nxb7 Qxb7 {[%emt 0:00:00] [#]} 27. Bxd4 $1 cxd4 28. Rc6 Bc7 {[%emt 0:01:36] [#]} 29. d6 $1 Rdh8 30. dxc7 {[%emt 0:00:00] Weighted Error Value: White=0.69/Black=0.97.  Loses game:     	---       	Black=2      Missed win:     	White=1     	---        Mistake:       	White=2     	Black=7      Inaccurate:     	White=1     	---        OK:         	White=9     	Black=6      Best:        	White=1     	---} (30. Rxc7 $2 {is a self mate.} Rh1+ 31. Bxh1 Rxh1#) 1-0

[Event "Fagernes GM Open Autumn 2024"]
[Site "Fagernes"]
[Date "2024.10.09"]
[Round "4.12"]
[White "Sorensen, Hampus"]
[Black "Krivenko, Dion"]
[Result "1/2-1/2"]
[ECO "A49"]
[WhiteElo "2423"]
[BlackElo "2244"]
[Annotator "TA"]
[PlyCount "89"]
[EventDate "2024.10.03"]
[EventType "swiss"]
[EventCountry "NOR"]
[SourceTitle "playchess.com"]
[Source "ChessBase"]
[SourceQuality "1"]
[TimeControl "40/6000:2400+30"]

1. Nf3 Nf6 2. g3 g6 3. b3 Bg7 4. Bb2 O-O 5. Bg2 d6 6. d4 a5 7. O-O a4 8. b4 d5 {[%emt 0:06:25] [#]} 9. c4 $1 dxc4 {[%emt 0:03:36] White has an edge.} 10. Ne5 Nd5 11. a3 (11. Nxc4 $11 Nxb4 12. Qd2) 11... b5 $15 12. e4 Nb6 13. Nc3 Bxe5 14. dxe5 Qxd1 15. Raxd1 c6 16. Bc1 Na6 {[%emt 0:16:40] Black is weak on the dark squares} 17. Be3 Nd7 18. f4 c5 19. bxc5 Ndxc5 20. Rd5 b4 $1 21. Bxc5 Nxc5 22. Rxc5 bxc3 23. Rc1 $1 Be6 24. f5 $1 Rfc8 $132 {[%emt 0:09:46][%mdl 2048] Black puts up resistance} 25. Rxc8+ Bxc8 26. Rxc3 $11 {[%emt 0:00:00][%mdl 4096] Endgame. KRB-KRB} Ba6 27. Kf2 Rb8 28. Ke3 Kg7 29. Bf3 Rb2 ({Black should try} 29... Rb3 $11 30. Kd4 Rb2) 30. h3 Kh6 31. Bd1 gxf5 32. exf5 Kg5 33. Bc2 h5 34. Kd4 (34. Bxa4 Kxf5 35. Kd4 Rd2+ 36. Kc5 Kxe5 37. Re3+ Kf6 $11) 34... Rb8 35. h4+ (35. Bxa4 $6 Rd8+ 36. Kc5 Kxf5 $11) 35... Kg4 36. f6 exf6 {[%emt 0:00:39] Strongly threatening ...Rd8+. The position is equal.} 37. exf6 (37. Bxa4 Rd8+ 38. Kc5 fxe5 $17) 37... Rd8+ 38. Kc5 Rd3 39. Kb4 Rxc3 40. Kxc3 {[%emt 0:00:00][%cal Oc2g6] Bg6! is the strong threat.} Kxg3 {[%emt 0:00:00] [#] KB-KB} 41. Bg6 $1 Kxh4 {[%emt 0:40:42] And now ...Kg5 would win.} (41... fxg6 $2 {too greedy.} 42. f7 Bc8 43. f8=Q $18 (43. f8=R $2 Bf5 $19)) 42. Bxf7 Kg5 $1 {[%emt 0:00:15] [#] Threatens to win with ...h4.} 43. Bxh5 Kxf6 44. Bd1 Ke5 45. Bxa4 {[%emt 0:00:00] Weighted Error Value: White=0.12 (very precise) /Black=0.10 (very precise) .  Mistake:       	White=1     	Black=1      Inaccurate:     	White=6     	Black=5      OK:         	White=13    	Black=12     Best:        	White=2     	Black=6      Strong:       	White=2     	Black=2      Brilliant:      	White=1     	---} 1/2-1/2

[Event "Fagernes GM Open Autumn 2024"]
[Site "Fagernes"]
[Date "2024.10.09"]
[Round "4.13"]
[White "Fiskaaen, Martin Holten"]
[Black "Blomqvist, Erik"]
[Result "1/2-1/2"]
[ECO "E09"]
[WhiteElo "2259"]
[BlackElo "2483"]
[Annotator "TA"]
[PlyCount "92"]
[EventDate "2024.10.03"]
[EventType "swiss"]
[EventCountry "NOR"]
[SourceTitle "playchess.com"]
[Source "ChessBase"]
[SourceQuality "1"]
[TimeControl "40/6000:2400+30"]

1. d4 Nf6 2. c4 e6 3. Nf3 d5 4. g3 Bb4+ 5. Bd2 Be7 6. Bg2 c6 7. Qc2 Nbd7 8. Bf4 O-O 9. O-O b6 10. Nbd2 Bb7 11. e4 dxe4 12. Nxe4 Nxe4 13. Qxe4 Nf6 14. Qe2 c5 15. Rad1 cxd4 {[%emt 0:00:46] White is slightly better.} 16. Rxd4 Qc8 (16... Bxf3 {simplifies} 17. Rxd8 Bxe2 18. Rxa8 Bxf1 19. Kxf1 Rxa8 20. Bxa8 Kf8) 17. Ne5 Bxg2 18. Kxg2 Qb7+ 19. Qf3 Qxf3+ 20. Kxf3 Rfc8 21. Rfd1 Kf8 22. g4 Ke8 23. b3 Ng8 24. g5 f6 25. gxf6 gxf6 26. Rg1 $1 Kf8 27. Ng4 {[%emt 0:00:38] [#] Strongly threatening Nh6.} e5 28. Nh6 Nxh6 29. Bxh6+ Kf7 30. Rdg4 Ke6 31. Rg7 Rh8 {[%emt 0:00:35] [#] ...Bf8 would now be deadly.} 32. Be3 Rad8 33. Ke2 h5 34. b4 Rc8 35. Rc1 Rc7 36. c5 Rhc8 37. Rh7 bxc5 38. bxc5 (38. Rxh5 $2 {perishes.} cxb4 39. Kd1 Rxc1+ 40. Bxc1 Rg8 $19) 38... Rc6 39. a4 a5 (39... Bxc5 {simplifies} 40. Rxc5 Rxc5 41. Bxc5 Rxc5 42. Rxa7 Kf5) 40. Bd2 Bxc5 (40... Rxc5 $15 41. Rxc5 Rxc5 (41... Bxc5 42. Rxh5 Be7 43. Bxa5 $11) 42. Rxh5 Rc2) 41. Bxa5 $11 Bd4 42. Rxc6+ Rxc6 43. Be1 Rc2+ 44. Kf1 Rc1 {[%emt 0:00:25] White must now prevent ...Bc3.} 45. Ke2 $1 Rc2+ 46. Kf1 $1 Rc1 {[%emt 0:00:05] Weighted Error Value: White=0.06 (flawless) /Black=0.05 (flawless) .  Mistake:       	---       	Black=1      Inaccurate:     	White=3     	---        OK:         	White=13    	Black=20     Best:        	---       	Black=3      Strong:       	White=3     	---} 1/2-1/2